 Dungeon Crawl Stone Soup version 0.19-a0-1571-g5ccf90f (webtiles) character file.

151 yesno the Vexing (level 5, -7/35 HPs)
             Began as a Vampire Enchanter on Sept 16, 2016.
             Engulfed by a cloud of flame (19 damage)
             ... on level 3 of the Dungeon.
             The game lasted 00:12:09 (2402 turns).

yesno the Vexing (Vampire Enchanter)                Turns: 2402, Time: 00:12:10

Health: -7/35      AC:  3    Str:  7    XL:     5   Next: 10%
Magic:  1/8        EV: 14    Int: 18    God:
Gold:   164        SH:  0    Dex: 15    Spells: 3 memorised, 2 levels left

rFire  . . .     SeeInvis +     a - +2 dagger
rCold  + . .     Gourm    .     b - +1 robe
rNeg   + + .     Faith    .     (no shield)
rPois  +         Spirit   .     (no helmet)
rElec  .         Dismiss  .     (no cloak)
rCorr  .         Reflect  .     (no gloves)
MR     .....     Harm     .     (no boots)
Stlth  +++.......               (no amulet)
                                (no ring)
                                h - ring of poison resistance

@: flying, regenerating slowly
A: fangs 3, see invisible, unbreathing
a: Bat Form


You were on level 3 of the Dungeon.
You were thirsty.

You visited 1 branch of the dungeon, and saw 4 of its levels.

You collected 164 gold pieces.

Inventory:

Hand Weapons
 a - a +2 dagger (weapon)
Armour
 b - a +1 robe (worn)
Jewellery
 h - a ring of poison resistance (left hand)
Scrolls
 e - 2 scrolls of enchant weapon
 f - 2 scrolls of recharging
 i - 2 scrolls of amnesia
 n - a scroll of remove curse
Potions
 d - a potion of blood
 j - 2 potions of brilliance
 m - a potion of curing
Books
 c - a book of Maledictions

   Spells                             Type                      Level
   a - Corona                         Hexes                        1
   b - Ensorcelled Hibernation        Hexes/Ice                    2
   c - Confuse                        Hexes                        3
   d - Tukima's Dance                 Hexes                        3
   e - Dazzling Spray                 Conjuration/Hexes            3


   Skills:
 + Level 3.1 Short Blades
 + Level 3.6 Dodging
 + Level 5.3 Stealth
 - Level 2.0 Spellcasting
 + Level 5.6 Hexes


You had 2 spell levels left.
You knew the following spells:

 Your Spells              Type           Power        Failure   Level  Hunger
a - Corona                Hex            ###....      1%          1    #......
b - Ensorcelled Hibernat  Hex/Ice        ##....       12%         2    ###....
c - Confuse               Hex            ###.....     6%          3    ###....


Dungeon Overview and Level Annotations

Branches:
Dungeon (4/15)
 Temple: D:4-7

Altars:

Annotations:
D:1 exclusion: leopard gecko
D:2 exclusion: 2 adders
D:3 exclusion: 2 orcs
D:4 exclusion: phantom, Natasha


Innate Abilities, Weirdness & Mutations

You heal slowly.
You have razor-sharp teeth.
You have supernaturally acute eyesight. (SInv)
You can survive without breathing.


Message History

It was a scroll of immolation.
The kobold hits you with a whip. The orc priest closely misses you.
You take 4 damage, and have 21/35 hp.
The kobold hits you with a whip.
You take 3 damage, and have 18/35 hp.
You hit the kobold but do no damage. The kobold misses you.
You completely miss the kobold. The orc priest closely misses you.
The kobold hits you but does no damage.
You hit the orc priest. Your bite misses the orc priest.
The orc priest is lightly wounded.
The orc priest barely misses you. The kobold misses you.
You hit the kobold. You bite the kobold.
You draw the kobold's blood!
You feel better.
You feel slightly less thirsty.
The kobold explodes!
The fiery explosion engulfs you!
The fiery explosion engulfs the orc priest.
The orc priest is severely wounded.
You are engulfed in roaring flames.
Ouch! That really hurt!
You die...

##.....# #.....# #......# ####.#
#.....# #.....# #......# #....#
#.....# #.....# #......# #.##.#
##.....# #.....# #......# #.##.#
.......# #.....# ###...## #.....
.......# #.....### #...# #.##.#
...##### #.......# #...# #.##.#
...#### #....§o.###########.##.#
......# #....§§@##..........##..
...##.## ####.§.§##..........##..
...##..######%...##..........####
........#........##..........# *
........#...o.############.#####*
........#.....# #.#...#
#######.......# #.#...## ##
##...!..# #....... .#** #......#
###...##


You could see an orc priest (inner flame) and an orc.

Vanquished Creatures
  A water moccasin skeleton (D:4)
  3 adders
  3 worms
  3 dart slugs
  2 leopard geckos
  4 ball pythons
  5 bats
  2 giant cockroaches
  3 goblins
  6 hobgoblins
  8 jackals (D:3)
  3 frilled lizards
  5 kobolds
  9 rats
57 creatures vanquished.

Notes
Turn   | Place    | Note
-------+----------+-------------------------------------------
     0 | D:1      | yesno the Vampire Enchanter began the quest for the Orb.
     0 | D:1      | Reached XP level 1. HP: 13/13 MP: 3/3
   138 | D:1      | Reached XP level 2. HP: 19/19 MP: 5/5
   470 | D:1      | Learned a level 2 spell: Ensorcelled Hibernation
  1032 | D:2      | Reached XP level 3. HP: 24/24 MP: 6/6
  1037 | D:2      | Learned a level 3 spell: Confuse
  1782 | D:3      | Reached skill level 5 in Hexes
  1953 | D:3      | Reached XP level 4. HP: 23/30 MP: 2/7
  2144 | D:4      | Noticed a phantom
  2255 | D:4      | Reached skill level 5 in Stealth
  2274 | D:4      | Reached XP level 5. HP: 17/35 MP: 4/8
  2293 | D:4      | Noticed Natasha
  2297 | D:4      | Noticed a phantom
  2402 | D:3      | Engulfed by a cloud of flame

Vault maps used:
D:1:      minmay_arrival_widening_spiral_wide
D:3:      good_gods_mini_temple, minmay_misc_feat_nine_boxes
D:4:      portal_sewer_entry_e, kennysheep_opposing_triangles, uniq_natasha

Skill      XL: |  1  2  3  4 |
---------------+-------------+-----
Short Blades   | 2 3 |  3.1
Hexes          | 5 |  5.6
Dodging        | 3 |  3.6
Stealth        | 5 |  5.3
Spellcasting   | |  2.0

Action                   |  1- 3 |  4- 6 || total
-------------------------+-------+-------++-------
Melee: Dagger            |   133 |    56 ||   189
       Bite              |    13 |     6 ||    19
 Cast: Ensorcelled Hiber |     9 |     3 ||    12
       Corona            |     1 |     1 ||     2
       Confuse           |     1 |     4 ||     5
  Use: Scroll            |     6 |     4 ||    10
       Potion            |       |     8 ||     8
 Stab: Sleeping          |    21 |     3 ||    24
       Confused          |       |     1 ||     1
Armor: Robe              |    32 |     8 ||    40
Dodge: Dodged            |    92 |    43 ||   135
